 Dungeon Crawl Stone Soup version 0.29.1 (webtiles) character file.

Game seed: 1880275768269035962

9572 greasedhog the Basher (level 11, -4/60 (64) HPs)
             Began as a Gargoyle Abyssal Knight on Sept 13, 2022.
             Was an Elder of Lugonu.
             Slain by a spectral orc warrior
             ... wielding a +0 battleaxe
             ... summoned by Nergalle
              (6 damage)
             ... on level 10 of the Dungeon.
             The game lasted 00:15:30 (12063 turns).

greasedhog the Basher (Gargoyle Abyssal Knight)    Turns: 12063, Time: 00:15:31

HP:   -4/60 (64)    AC: 28    Str: 21    XL:     11   Next: 48%
MP:   2/18          EV:  7    Int: 11    God:    Lugonu [****..]
Gold: 501           SH:  0    Dex: 10    Spells: 10/10 levels left

rFire   . . .      SeeInvis .   s - +4 whip (vamp)
rCold   . . .      Faith    .   (no shield)
rNeg    + . .      Spirit   .   f - +0 plate armour
rPois   ∞          Reflect  .   e - +0 helmet
rElec   +          Harm     .   a - +0 cloak
rCorr   .          Rampage  .   l - +1 pair of gloves
Will    .....                   B - +2 pair of boots
Stlth   ..........              (no amulet)
HPRegen 0.20/turn               (no ring)
MPRegen 0.16/turn               (no ring)

@: drained
A: sickness immunity, AC +8, negative energy resistance 1, electricity
resistance, torment resistance 1, petrification resistance
a: Renounce Religion, Depart the Abyss, Bend Space, Banish, Corrupt


You were on level 10 of the Dungeon.
You worshipped Lugonu.
Lugonu was greatly pleased with you.
You visited 1 branch of the dungeon, and saw 10 of its levels.
You visited the Abyss 1 time.

You collected 734 gold pieces.
You spent 233 gold pieces at shops.

Inventory:

Hand Weapons
 s - a +4 vampiric whip (weapon)
 E - a +2 whip of venom
Missiles
 z - 2 throwing nets (quivered)
Armour
 a - a +0 cloak (worn)
 e - a +0 helmet (worn)
 f - a +0 plate armour (worn)
 l - a +1 pair of gloves (worn)
 B - a +2 pair of boots (worn)
Wands
 d - a wand of paralysis (14)
 p - a wand of light (4)
 A - a wand of polymorph (15)
 F - a wand of iceblast (9)
 M - a wand of flame (7)
Scrolls
 i - 2 scrolls of amnesia
 k - 2 scrolls of poison
 m - 3 scrolls of immolation
 n - 5 scrolls of magic mapping
 q - a scroll of summoning
 r - 2 scrolls of blinking
 v - 3 scrolls of vulnerability
 w - 6 scrolls of teleportation
 y - a scroll of fear
 C - a scroll of enchant armour
 H - 2 scrolls of enchant weapon
 I - 5 scrolls of identify
 K - a scroll of brand weapon
Potions
 b - 3 potions of mutation {unknown}
 c - 5 potions of curing
 g - 2 potions of invisibility {unknown}
 h - a potion of magic {unknown}
 j - a potion of heal wounds {unknown}
 o - a potion of berserk rage {unknown}
 t - 3 potions of might
 u - a potion of cancellation {unknown}
 x - a potion of attraction {unknown}
 D - a potion of lignification {unknown}
 G - a potion of ambrosia {unknown}
 L - a potion of haste


   Skills:
 - Level 6.0 Fighting
 - Level 12.0 Maces & Flails
 - Level 5.0 Armour
 - Level 5.1 Dodging
 * Level 10.1 Invocations
 * Level 3.6 Evocations


You had 10 spell levels left.
You didn't know any spells.
Your spell library contained the following spells:

 Spells                   Type           Power      Damage    Failure   Level
 Freeze                   Ice            0%         1d3       100%        1
 Blink                    Tloc           0%         N/A       100%        2
 Ensorcelled Hibernation  Hex/Ice        0%         N/A       100%        2
 Passwall                 Tmut/Erth      0%         N/A       100%        2
 Frozen Ramparts          Ice            0%         1d1       100%        3
 Ozocubu's Armour         Ice            0%         N/A       100%        3
 Portal Projectile        Hex/Tloc       0%         N/A       100%        3
 Swiftness                Air            0%         N/A       100%        3
 Tukima's Dance           Hex            0%         N/A       100%        3
 Animate Armour           Summ/Erth      0%         N/A       100%        4
 Hailstorm                Conj/Ice       0%         3d3       100%        4
 Petrify                  Tmut/Erth      0%         N/A       100%        4
 Blade Hands              Tmut           0%         N/A       100%        5
 Irradiate                Conj/Tmut      0%         3d11      100%        5
 Manifold Assault         Tloc           0%         N/A       100%        5
 Metabolic Englaciation   Hex/Ice        0%         N/A       100%        5
 Iron Shot                Conj/Erth      0%         9d1       100%        6
 Ozocubu's Refrigeration  Ice            0%         4d7       100%        7
 Storm Form               Tmut/Air       0%         N/A       100%        7
 Borgnjor's Revivificati  Necr           0%         N/A       100%        8
 Necromutation            Tmut/Necr      0%         N/A       100%        8
 Death's Door             Necr           0%         N/A       100%        9
 Sublimation of Blood     Necr           Unusable   N/A       N/A         2
 Statue Form              Tmut/Erth      Unusable   N/A       N/A         6

Dungeon Overview and Level Annotations

Branches:
Dungeon (10/15)            Temple (0/1) D:6            Lair (0/5) D:8
    Orc: D:9-12

Altars:
Ashenzari
Cheibriados
Dithmenos
Okawaru
Ru
Sif Muna
Trog
Xom

Shops:
D:5 [   D:9 *

Annotations:
D:10 Nergalle
Abyss:1 Grum


Innate Abilities, Weirdness & Mutations

You are immune to sickness and miasma.
Your stone body is resilient. (AC +8)
You are immune to poison.
You resist negative energy. (rN+)
You are resistant to electric shocks. (rElec)
You are resistant to unholy torment.
You are immune to petrification.


Message History

Nergalle is heavily wounded.
Nergalle gestures at the spectral orc while chanting.
The spectral orc seems to speed up.
The spectral orc knight hits you with a +1 vampiric great sword!
The spectral orc warrior hits you with a +0 battleaxe!
* * * LOW HITPOINT WARNING * * *
Press: ? - help, Shift-Dir - straight line, f - Nergalle
Aim: Nergalle, wielding a +4 dagger of speed and wearing a +0 robe (heavily wounded, fast, chance to affect: 56%) Nergalle resists with significant effort.
Nergalle gestures at you while chanting.
Orcish apparitions take form around you.
Nergalle hits you but does no damage.
The spectral orc knight hits you but does no damage.
The spectral orc warrior completely misses you.
Press: ? - help, Shift-Dir - straight line, f/p - Nergalle
Aim: Nergalle, wielding a +4 dagger of speed and wearing a +0 robe (heavily wounded, fast, chance to affect: 56%) Nergalle resists with significant effort.
Nergalle hits you but does no damage. x2
The spectral orc knight hits you but does no damage.
The spectral orc warrior barely misses you.
Press: ? - help, Shift-Dir - straight line, f/p - Nergalle
Aim: Nergalle, wielding a +4 dagger of speed and wearing a +0 robe (heavily wounded, fast, chance to affect: 56%) Nergalle resists with significant effort.
You can no longer gate yourself to the Abyss.
Nergalle hits you but does no damage. Nergalle barely misses you.
The spectral orc knight closely misses you.
The spectral orc warrior closely misses you.
Press: ? - help, Shift-Dir - straight line, f/p - Nergalle
Aim: Nergalle, wielding a +4 dagger of speed and wearing a +0 robe (heavily wounded, fast, chance to affect: 56%) Nergalle resists with significant effort.
Nergalle gestures at you while chanting.
The bolt of negative energy hits you! You partially resist.
You feel drained.
* * * LOW HITPOINT WARNING * * *
The bolt of negative energy hits the spectral orc knight.
The spectral orc knight completely resists.
Nergalle hits you but does no damage.
The spectral orc knight hits you with a +1 vampiric great sword.
* * * LOW HITPOINT WARNING * * *
The spectral orc warrior hits you with a +0 battleaxe.
You die...

.#..# #.# (#.## #.# .#
.#.# #.## ###.### '#.#
#..# ....... ...# ###'##
.)..... .### #..).#####
....... ###### #....'.ZZ#
.......
.......+....###Z##y......
########....# #Z@oy......
#....# ####Z...?.. ######
#######


You could see Nergalle (fast), 2 spectral orcs, 2 spectral orc warriors, a
spectral orc knight (summoned) and 2 killer bees.

Vanquished Creatures
  Harold (D:10)
  A two-headed ogre (D:10)
  Joseph (D:8)
  Maggie (D:7)
  2 trolls (D:9)
  Grinder (D:3)
  A shadow (D:9)
  2 wyverns
  7 yaks
  A steam dragon (D:9)
  Edmund (D:6)
  5 water moccasins
  2 acid dragons
  An ice beast (D:5)
  5 orc warriors
  3 sky beasts
  2 black bears
  3 wolves (D:8)
  A centaur (D:8)
  An ogre (D:4)
  2 phantoms
  Blork the orc (D:6)
  5 kobold brigands
  3 bullfrogs
  2 gnoll sergeants (D:8)
  6 scorpions
  9 wights
  9 killer bees
  4 howler monkeys
  4 jellies
  A gnoll bouda (D:7)
  5 hounds
  3 iguanas (D:5)
  6 orc wizards
  Robin (D:2)
  15 gnolls
  12 adders
  4 white imps
  3 ufetubi
  2 worms (D:1)
  3 dart slugs (D:1)
  27 orcs
  6 ball pythons
  5 endoplasms
  2 giant cockroaches
  10 goblins
  13 hobgoblins
  2 jackals (D:3)
  24 kobolds
  5 quokkas
  4 bats
  7 frilled lizards
  2 rats
249 creatures vanquished.

Vanquished Creatures (collateral kills)
  3 goblins (D:2)
3 creatures vanquished.

Vanquished Creatures (others)
  13 fungi (D:8)
  20 plants
  4 toadstools (D:5)
37 creatures vanquished.

Grand Total: 289 creatures vanquished

Notes
Turn   | Place    | Note
-------+----------+-------------------------------------------
     0 | Abyss:1  | greasedhog the Gargoyle Abyssal Knight began the quest for
                  | the Orb.
     0 | Abyss:1  | Reached XP level 1. HP: 14/14 MP: 2/2
     1 | D:1      | Escaped the Abyss
   246 | D:1      | Reached XP level 2. HP: 13/19 MP: 3/3
   750 | D:1      | Reached XP level 3. HP: 21/24 MP: 4/4
  1197 | D:1      | Reached skill level 3 in Maces & Flails
  1210 | D:1      | Reached *** piety under Lugonu
  1276 | D:2      | Noticed Robin
  1413 | D:2      | Reached XP level 4. HP: 20/30 MP: 5/5
  1515 | D:2      | Found a faded altar of an unknown god.
  1747 | D:2      | Killed Robin
  1754 | D:2      | HP: 1/30 [goblin/+0 mace[Robin] (6)]
  2284 | D:3      | Reached XP level 5. HP: 29/34 MP: 6/6
  2352 | D:3      | Noticed Grinder
  2352 | D:3      | Paralysed by Grinder for 2 turns
  2368 | D:3      | Paralysed by Grinder for 5 turns
  2378 | D:3      | Killed Grinder
  2379 | D:3      | Reached skill level 5 in Fighting
  2379 | D:3      | Reached skill level 4 in Maces & Flails
  2379 | D:3      | Reached XP level 6. HP: 3/41 MP: 7/7
  2934 | D:3      | Reached skill level 5 in Maces & Flails
  3303 | D:4      | Reached XP level 7. HP: 46/46 MP: 8/8
  3304 | D:4      | Reached **** piety under Lugonu
  3839 | D:4      | Reached skill level 6 in Maces & Flails
  4151 | D:5      | Entered Level 5 of the Dungeon
  4188 | D:5      | Reached skill level 5 in Armour
  4188 | D:5      | Reached XP level 8. HP: 51/51 MP: 9/9
  4205 | D:5      | Reached skill level 1 in Dodging
  4265 | D:5      | Found Kimylyde's Armour Boutique.
  4347 | D:5      | Found a broken altar of Ashenzari.
  4394 | D:5      | Reached skill level 7 in Maces & Flails
  5130 | D:6      | Found a staircase to the Ecumenical Temple.
  5240 | D:6      | Noticed Blork the orc
  5275 | D:6      | Killed Blork the orc
  5591 | D:6      | Reached skill level 8 in Maces & Flails
  5745 | D:6      | Reached XP level 9. HP: 55/55 MP: 10/10
  5781 | D:6      | Found a shimmering altar of Xom.
  5831 | D:6      | Found a bloodstained altar of Trog.
  5968 | D:6      | Noticed Edmund
  5992 | D:6      | Killed Edmund
  6288 | D:5      | Bought a +2 pair of boots for 181 gold pieces
  6488 | D:7      | Found a shadowy altar of Dithmenos.
  6499 | D:7      | Reached skill level 5 in Dodging
  6635 | D:7      | Reached skill level 9 in Maces & Flails
  7179 | D:8      | Noticed Maggie
  7195 | D:7      | Killed Maggie
  7447 | D:7      | Reached skill level 10 in Maces & Flails
  7447 | D:7      | Reached skill level 5 in Invocations
  7447 | D:7      | Reached XP level 10. HP: 54/60 MP: 13/13
  8087 | D:8      | Found a staircase to the Lair.
  8212 | D:8      | Noticed Grum
  8244 | D:8      | Banished Grum
  8245 | D:8      | Reached skill level 11 in Maces & Flails
  9275 | D:8      | Noticed Joseph
  9301 | D:8      | Killed Joseph
  9722 | D:8      | Found a shimmering blue altar of Sif Muna.
  9839 | D:8      | Found an iron altar of Okawaru.
 10240 | D:9      | Reached XP level 11. HP: 59/64 MP: 17/17
 10253 | D:9      | Reached ***** piety under Lugonu
 10536 | D:9      | Reached skill level 12 in Maces & Flails
 10563 | D:9      | Found Katiotoe's CLEARANCE SALE!.
 10582 | D:9      | Bought a scroll of enchant weapon for 52 gold pieces
 10722 | D:9      | Reached skill level 1 in Evocations
 10904 | D:9      | Identified the +5 hand axe of Fortitude {venom, rF+ Dex+3}
 11235 | D:9      | Found a snail-covered altar of Cheibriados.
 11320 | D:10     | Entered Level 10 of the Dungeon
 11784 | D:10     | Found a sacrificial altar of Ru.
 11808 | D:10     | Identified the +4 scale mail of the Onion {+Inv rPois Str+3
                  | Int+4}
 11834 | D:10     | Noticed Harold
 11855 | D:10     | Killed Harold
 11905 | D:10     | Noticed a two-headed ogre
 11917 | D:10     | Killed a two-headed ogre
 11918 | D:10     | Reached skill level 10 in Invocations
 12023 | D:10     | Noticed Nergalle
 12063 | D:10     | HP: 2/60 [spectral orc knight/+1 vampiric great
                  | sword[Nergalle] (5)]
 12063 | D:10     | Slain by a spectral orc warrior

Illustrated notes

Levels and vault maps discovered:
D:1:      tarquinn_simple_flora_water_b, layout_rooms,
          chequers_serial_rivers_room_a, nicolae_wormholes
D:2:      layout_rooms, hellmonk_ecumenical_altar_blasted, uniq_robin
D:3:      layout_basic, uniq_grinder
D:4:      wad_lake_hut, layout_basic, minmay_fractal_squares_diagonal_5
D:5:      layout_rooms, mainiacjoe_overflow_paths, nicolae_take_the_stairs,
          minmay_gold_behind_fungi
D:6:      layout_loops_corners, bloody_trog, general_overflow_altar,
          temple_hall, uniq_blork_the_orc, uniq_edmund
D:7:      layout_rooms, old_standard_altar, wad_floor_pattern_untrapped,
          dk_rats_in_the_wall
D:8:      layout_loops_ring, kennysheep_orc_sif_temple, marbit_many_paths,
          due_lair_maze_entry_diamond, uniq_maggie, uniq_grum, uniq_joseph
D:9:      layout_irregular_city, kennysheep_mini, nicolae_shop_clearance
D:10:     layout_roguey, mainiacjoe_overflow_surrounded_room, fedhas_altar_4,
          uniq_harold, uniq_nergalle

Skill      XL: |  1  2  3  4  5  6  7  8  9 10 11 |
---------------+----------------------------------+-----
Fighting       | 4 5 6 |  6.0
Maces & Flails | 3 4 5 6 8 10 11 12 | 12.0
Armour         | 3 5 |  5.0
Dodging        | 4 5 |  5.1
Invocations    | 5 8 10 | 10.1
Evocations     | 3 |  3.6

Action                   |  1- 3 |  4- 6 |  7- 9 | 10-12 || total
-------------------------+-------+-------+-------+-------++-------
Melee: Mace              |    86 |   162 |    26 |       ||   274
       Whip              |       |       |   454 |   667 ||  1121
       Punch             |       |       |     9 |     6 ||    15
Throw: Dart              |       |       |       |     2 ||     2
Invok: Banish            |       |       |       |     5 ||     5
Evoke: Wand              |       |     3 |     1 |       ||     4
  Use: Scroll            |     2 |     8 |     5 |     3 ||    18
       Potion            |       |     2 |       |       ||     2
 Stab: Distracted        |       |     1 |       |       ||     1
       Invisible         |       |       |     1 |       ||     1
Armor: Ring mail         |    36 |    52 |       |       ||    88
       Leather armour    |     1 |       |       |       ||     1
       Chain mail        |       |    68 |       |       ||    68
       Plate armour      |       |    38 |   253 |   401 ||   692
Dodge: Dodged            |    44 |    98 |   115 |   183 ||   440
